 Dungeon Crawl Stone Soup version 0.28.0-47-ge53b351184 (webtiles) character file.

Game seed: 10105597049263187227

4396 boopmooplesden the Protected (level 10, -8/88 HPs)
             Began as a Minotaur Fighter on May 5, 2022.
             Mangled by a boulder beetle (illusionary) (35 damage)
             ... on level 9 of the Dungeon.
             The game lasted 00:13:23 (9150 turns).

boopmooplesden the Protected (Minotaur Fighter)     Turns: 9150, Time: 00:13:24

Health: -8/88      AC: 15    Str: 25    XL:     10   Next: 13%
Magic:  9/9        EV: 23    Int:  7    God:
Gold:   503        SH:  7    Dex: 18    Spells: 9/9 levels left

rFire   + + +      SeeInvis .   f - +8 hand axe of Wyrd {holy, rF++ rN+ Str+4 Stlth+}
rCold   + . .      Faith    .   c - +1 buckler
rNeg    + . .      Spirit   .   x - +0 plate armour
rPois   .          Reflect  .   (helmet unavailable)
rElec   .          Harm     .   q - scarf {rC+ rF+}
rCorr   .          Rampage  .   (no gloves)
Will    .....                   k - +0 pair of boots
Stlth   ..........              j - amulet of the acrobat
HPRegen 0.24/turn               o - +6 ring of dexterity
MPRegen 0.11/turn               (no ring)

@: acrobatic, hasted, very quick
A: horns 3, retaliatory headbutt, talons 1
a: no special abilities


You were on level 9 of the Dungeon.
You visited 1 branch of the dungeon, and saw 9 of its levels.

You collected 893 gold pieces.
You spent 390 gold pieces at shops.

Inventory:

Hand Weapons
 a - a +0 long sword of draining
 b - a +0 hunting sling
 f - the +8 hand axe of Wyrd (weapon) {holy, rF++ rN+ Str+4 Stlth+}
   (You found it on level 6 of the Dungeon)

   It has been blessed by the Shining One to cause great damage to the undead
   and demons.
   Str:       It affects your strength (+4).
   rF:        It greatly protects you from fire.
   rN:        It protects you from negative energy.
   Stlth:     It makes you more stealthy.
 n - a +0 hunting sling
 t - a +1 falchion of freezing
Missiles
 e - 5 javelins (quivered)
 g - 20 sling bullets
Armour
 c - a +1 buckler (worn)
 h - a +2 hat
 k - a +0 pair of boots (worn)
 q - a scarf of resistance (worn)
 x - a +0 plate armour (worn)
Jewellery
 j - an amulet of the acrobat (around neck)
 o - a +6 ring of dexterity (left hand)
Wands
 d - a wand of flame (31)
 s - a wand of iceblast (2)
 v - a wand of acid (15)
Scrolls
 y - 2 scrolls of identify
Potions
 l - a potion of cancellation
 m - 2 potions of curing
 z - a potion of resistance {unknown}
Miscellaneous
 i - a lightning rod (2/4)


   Skills:
 + Level 7.8 Fighting
 + Level 8.8 Long Blades
 + Level 7.3 Axes
 + Level 1.5(2.1) Slings
 + Level 2.0(2.2) Throwing
 + Level 8.9 Armour
 + Level 3.3 Dodging
 + Level 1.9 Stealth
 + Level 6.7 Shields
 + Level 1.3 Evocations


You had 9 spell levels left.
You didn't know any spells.
Your spell library contained the following spells:

 Spells                   Type           Power      Damage    Failure   Level
 Slow                     Hex            0%         N/A       100%        1
 Corpse Rot               Necr/Air       0%         N/A       100%        2
 Poisonous Vapours        Pois/Air       0%         N/A       100%        2
 Confusing Touch          Hex            0%         N/A       100%        3
 Dazzling Flash           Conj/Hex       0%         N/A       100%        3
 Mephitic Cloud           Conj/Pois/Air  0%         N/A       100%        3
 Tukima's Dance           Hex            0%         N/A       100%        3
 Vampiric Draining        Necr           0%         2d6       100%        3
 Fulminant Prism          Conj/Hex       0%         3d6       100%        4
 Iskenderun's Mystic Bla  Conj/Tloc      0%         2d3       100%        4
 Passage of Golubria      Tloc           0%         N/A       100%        4
 Agony                    Necr           0%         N/A       100%        5
 Silence                  Hex/Air        0%         N/A       100%        5
 Yara's Violent Unravell  Hex/Tmut       0%         3d3       100%        5
 Starburst                Conj/Fire      0%         6d3       100%        6
 Malign Gateway           Summ/Tloc      0%         N/A       100%        7
 Summon Horrible Things   Summ           0%         N/A       100%        8


Dungeon Overview and Level Annotations

Branches:
Dungeon (9/15)             Temple (0/1) D:5
   Lair: D:8-11         Orc: D:9-12

Altars:
Ru

Shops:
D:3 *   D:8 *


Innate Abilities, Weirdness & Mutations

You have a pair of large horns on your head.
You reflexively headbutt those who attack you in melee.
You have sharp toenails.


Message History

Your surroundings suddenly seem different.
A boulder beetle, a rakshasa and 2 gargoyles come into view.
You open the door.
The rakshasa weaves an illusion.
The boulder beetle shimmers and seems to become two!
A wyvern comes into view.
The wyvern hisses angrily.
The rakshasa blinks!
The wyvern misses you. The boulder beetle closely misses you.
There is an open door here.
You hit the wyvern. You headbutt the wyvern!
The wyvern is heavily wounded.
You hit the boulder beetle.
The wyvern bites you but does no damage. x2
The boulder beetle bites you!
* * * LOW HITPOINT WARNING * * *
The wyvern misses you.
Okay, then.
You feel much better.
The wyvern bites you but does no damage.
It was a potion of mutation.
You feel extremely strange. The horns on your head grow some more.
Your +2 hat falls away!
Your toenails lengthen and sharpen.
It was a potion of haste.
You feel yourself speed up.
The boulder beetle waves its antennae.
The boulder beetle bites you but does no damage.
Aiming: Thunderbolt
Press: ? - help, Shift-Dir - straight line, f - boulder beetle
Aim: a boulder beetle (lightly wounded)
The thunderbolt hits the boulder beetle.
The boulder beetle is moderately wounded.
The boulder beetle curls into a ball and begins rolling!
Aiming: Thunderbolt
Press: ? - help, Shift-Dir - straight line, f/p - boulder beetle
Aim: a boulder beetle (moderately wounded, rolling)
The thunderbolt hits the boulder beetle.
The boulder beetle is heavily wounded.
The boulder beetle hits you!!
You die...

..... #####. . ..
#.##############...
#......B.○.........
########'#9B........
#.R...B99#..@.......
#........###########
#........#
#...###### #.. #. #


You could see 2 boulder beetles and a gargoyle.

Vanquished Creatures
  Pikel (D:9)
  A troll (D:9)
  Sigmund (D:2)
  A shadow (D:9)
  A vampire (D:9)
  4 yaks (D:8)
  Menkaure (D:4)
  4 orc warriors
  A sky beast (D:4)
  Pargi (D:4)
  A necrophage (D:6)
  A centaur (D:6)
  A phantom (D:4)
  2 lemures (D:9)
  4 bullfrogs
  A scorpion (D:5)
  9 wights
  A howler monkey (D:9)
  2 centaur zombies
  3 hounds
  A gnoll shaman (D:7)
  7 orc priests
  3 jellies
  A centaur skeleton (D:5)
  Jessica (D:3)
  Terence (D:3)
  4 orc wizards
  3 iguanas
  A killer bee zombie (D:5)
  A hound skeleton (D:4)
  Robin (D:3)
  6 gnolls
  8 adders
  2 shadow imps (D:4)
  3 white imps
  2 worms (D:3)
  5 dart slugs
  14 orcs
  6 bats
  9 endoplasms
  4 giant cockroaches
  15 goblins
  3 hobgoblins
  5 jackals
  5 ball pythons
  4 frilled lizards
  7 kobolds
  3 rats
166 creatures vanquished.

Vanquished Creatures (others)
  2 withered plants (D:8)
2 creatures vanquished.

Grand Total: 168 creatures vanquished

Notes
Turn   | Place    | Note
-------+----------+-------------------------------------------
     0 | D:1      | boopmooplesden the Minotaur Fighter began the quest for the
                  | Orb.
     0 | D:1      | Reached XP level 1. HP: 19/19 MP: 0/0
   286 | D:1      | Reached XP level 2. HP: 26/27 MP: 1/1
   495 | D:1      | Found a faded altar of an unknown god.
  1343 | D:2      | Reached XP level 3. HP: 31/33 MP: 2/2
  1532 | D:2      | Noticed Sigmund
  1542 | D:2      | Killed Sigmund
  1543 | D:2      | Reached skill level 1 in Throwing
  1543 | D:2      | Reached XP level 4. HP: 28/41 MP: 3/3
  1543 | D:2      | Reached XP level 5. HP: 32/47 MP: 4/4
  1855 | D:2      | Reached skill level 5 in Armour
  2488 | D:3      | Found Qoyxunn's General Store.
  2567 | D:3      | Noticed Terence
  2583 | D:3      | Killed Terence
  2585 | D:3      | Noticed Robin
  2592 | D:3      | Killed Robin
  2593 | D:3      | Reached XP level 6. HP: 24/53 MP: 5/5
  2668 | D:3      | Noticed Jessica
  3034 | D:4      | Noticed Pargi
  3053 | D:4      | Killed Pargi
  3054 | D:4      | Reached skill level 5 in Long Blades
  3054 | D:4      | Reached skill level 1 in Dodging
  3136 | D:4      | Noticed Menkaure
  4013 | D:4      | Killed Menkaure
  4014 | D:4      | Reached XP level 7. HP: 35/60 MP: 6/6
  4030 | D:4      | Reached skill level 1 in Slings
  4221 | D:4      | Found a transporter.
  4257 | D:4      | Reached skill level 5 in Fighting
  4272 | D:4      | Reached skill level 5 in Shields
  4272 | D:4      | Found a sacrificial altar of Ru.
  4894 | D:4      | Found a transporter.
  5082 | D:4      | Reached XP level 8. HP: 64/68 MP: 7/7
  5174 | D:5      | Entered Level 5 of the Dungeon
  5413 | D:5      | Found a staircase to the Ecumenical Temple.
  5431 | D:5      | Reached skill level 1 in Evocations
  6161 | D:6      | Reached skill level 1 in Stealth
  6867 | D:6      | Identified the +8 hand axe of Wyrd {holy, rF++ rN+ Str+4
                  | Stlth+}
  6973 | D:6      | Reached XP level 9. HP: 69/78 MP: 8/8
  7021 | D:6      | Got Viterior's Grimoire of Nocuous Conjuration
  7330 | D:6      | Identified a scroll of acquirement
  7330 | D:6      | Acquired 482 gold pieces
  7388 | D:3      | Bought a lightning rod (4/4) for 390 gold pieces
  7397 | D:3      | Killed Jessica
  7717 | D:7      | Reached skill level 1 in Axes
  8091 | D:8      | Found Yzacvoug's Fire Supplies.
  8569 | D:8      | Noticed a rakshasa
  8615 | D:9      | Noticed Pikel
  8641 | D:9      | Killed Pikel
  9086 | D:9      | Reached XP level 10. HP: 77/88 MP: 9/9
  9135 | D:9      | Noticed a boulder beetle
  9135 | D:9      | Noticed a rakshasa
  9135 | D:9      | Noticed a gargoyle
  9135 | D:9      | Noticed a gargoyle
  9144 | D:9      | Gained mutation: You have a pair of large horns on your
                  | head. [potion of mutation]
  9144 | D:9      | Gained mutation: You have sharp toenails. [potion of
                  | mutation]
  9150 | D:9      | Mangled by a boulder beetle (illusionary)

Illustrated notes

Levels and vault maps discovered:
D:1:      dpeg_arrival_castle, layout_loops_corners,
          ebering_ecumenical_altar_mist
D:2:      layout_loops_corners, corexii_hall_statues_deadend,
          chequers_hall_statues_y, uniq_sigmund
D:3:      layout_loops_ring, serial_shops, nicolae_shop_statue_plus,
          grunt_ministairs_7, minmay_fountain_box, uniq_jessica, uniq_terence,
          uniq_robin
D:4:      gammafunk_wand_slinger, layout_rooms, lemuel_doored_altar,
          uniq_menkaure, uniq_pargi
D:5:      layout_basic, minmay_temple_entry_waves, uniq_crazy_yiuf_cottage
D:6:      layout_loops_ring, serial_glass, glass_columns_a, glass_columns_a
D:7:      minmay_klotski, layout_basic, hangedman_decor_points
D:8:      layout_basic, serial_shops, nicolae_shop_statue_plus, serial_undead,
          serial_undead_b, serial_undead_c, serial_undead_f, serial_undead_f,
          serial_undead_a, nicolae_shop_fire_sale [nicolae_sub_dead_trees]
D:9:      minmay_shrinking_squares, layout_long_grid, minmay_statue_bubble,
          uniq_pikel

Skill      XL: |  1  2  3  4  5  6  7  8  9 10 |
---------------+-------------------------------+-----
Fighting       | 4 5 6 7 |  7.8
Armour         | 4 5 6 7 8 |  8.9
Shields        | 4 5 6 |  6.7
Long Blades    | 4 5 6 8 |  8.8
Throwing       | 1 2 |  2.0
Dodging        | 1 2 3 |  3.3
Slings         | 1 |  1.5
Evocations     | 1 |  1.3
Stealth        | 1 |  1.9
Axes           | 6 7 |  7.3

Action                   |  1- 3 |  4- 6 |  7- 9 | 10-12 || total
-------------------------+-------+-------+-------+-------++-------
Melee: Long sword        |    66 |   119 |   124 |       ||   309
       Headbutt          |     6 |    19 |    66 |     9 ||   100
       Falchion          |       |       |    43 |       ||    43
       Hand axe          |       |       |   112 |    25 ||   137
 Fire: Hunting sling     |       |    14 |       |       ||    14
Throw: Javelin           |    20 |       |       |       ||    20
Evoke: Wand              |       |       |     7 |       ||     7
       Lightning rod     |       |       |       |     2 ||     2
  Use: Potion            |     1 |     1 |     3 |     3 ||     8
       Scroll            |       |     4 |     7 |     1 ||    12
Armor: Scale mail        |    38 |    77 |    86 |       ||   201
       Plate armour      |       |       |    36 |    18 ||    54
       Chain mail        |       |       |     2 |       ||     2
Dodge: Dodged            |    23 |    60 |   109 |     6 ||   198
Block: Buckler           |    14 |    45 |    86 |    10 ||   155
